AoeStats
← GERIGON

African Clearing

511697308Analyzed
4v4 RM · 11d ago on Oct 6, 2026· 43m 57s· 8 players
Game mode
Random Map
Map size
Large (8 player)
Population
200
Speed
Normal
Resources
Standard
Victory
Conquest
Starting age
Dark Age
Ending age
Imperial Age
RankedLock teamsTeams togetherTeam positionsShared explorationLock speedFull tech treeHidden civsTurbo modeCheats
Victory
Defeat
🇲🇽 Magyars · Mexico
1439
+12
🇩🇪 Spanish · Germany
1367
+15
🇹🇷 Cumans · Türkiye
1316
+17
🇨🇳 Mongols · China
1280
+18
vs
1378
-17
🇨🇳 Varangians · China
1333
-15
🇨🇳 Mongols · China
1319
-15
🇨🇳 Tupi · China
1318
-15
敲门鬼罗文松再次
6:38 Loom
13:14 Feudal Age
13:44 Double-Bit Axe
13:42 Horse Collar
14:34 Town Watch
15:24 Wheelbarrow
17:38 Scale Mail Armor
21:20 Castle Age
19:33 Fletching
22:15 Bodkin Arrow
28:59 Bow Saw
31:43 Hand Cart
34:06 Husbandry
34:30 Ballistics
33:50 Treadmill Crane
34:55 Bloodlines
37:45 Padded Archer Armor
37:08 Pikeman
37:48 Squires
38:26 Elite Skirmisher
40:29 Yasama
43:34 Imperial Age
45:36 Imperial Age
根本赢不了
13:25 Feudal Age
12:32 Loom
13:32 Man-at-Arms
14:45 Arson
20:35 Padded Archer Armor
20:25 Fletching
21:19 Padded Archer Armor
26:32 Castle Age
25:19 Wheelbarrow
24:29 Town Watch
28:25 Double-Bit Axe
28:21 Horse Collar
34:25 Bow Saw
35:42 Heavy Plow
39:07 Gold Mining
39:15 Bodkin Arrow
39:41 Scale Barding Armor
40:06 Forging
41:14 Chain Barding Armor
41:06 Bloodlines
杨吉光
8:35 Loom
13:22 Feudal Age
18:51 Castle Age
18:33 Bloodlines
18:26 Fletching
25:51 Husbandry
30:57 Ballistics
31:32 Bodkin Arrow
张世豪
12:03 Feudal Age
15:59 Castle Age
14:21 Double-Bit Axe
15:22 Stone Mining
15:17 Horse Collar
21:09 Bow Saw
21:36 Loom
22:59 Wheelbarrow
23:35 Fletching
23:41 Gold Mining
25:03 Bodkin Arrow
29:38 Ballistics
31:03 Hand Cart
31:30 Padded Archer Armor
31:32 Heavy Plow
33:25 Town Watch
37:00 Imperial Age
35:17 Leather Archer Armor
37:12 Gold Shaft Mining
38:46 Chemistry
37:57 Bracer
38:29 Conscription
42:17 Two-Man Saw
xXx_aang
9:03 Loom
11:41 Feudal Age
12:44 Double-Bit Axe
13:46 Horse Collar
16:29 Wheelbarrow
17:55 Scale Barding Armor
21:21 Fletching
21:23 Gold Mining
27:20 Castle Age
CARRY_BERRY_JDV <3
12:08 Feudal Age
15:51 Castle Age
14:07 Double-Bit Axe
14:48 Gold Mining
14:51 Stone Mining
15:21 Loom
15:35 Loom
16:47 Bow Saw
17:10 Town Watch
18:01 Gold Mining
21:19 Padded Archer Armor
23:11 Leather Archer Armor
24:00 Horse Collar
25:46 Wheelbarrow
25:41 Bloodlines
27:12 Fletching
27:39 Husbandry
30:12 Hand Cart
30:56 Bodkin Arrow
35:45 Imperial Age
33:33 Forging
33:47 Ballistics
34:25 Scale Barding Armor
34:55 Iron Casting
34:39 Heavy Plow
35:53 Chain Barding Armor
36:57 Conscription
37:56 Blast Furnace
36:57 Bracer
36:39 Cavalier
37:58 Masonry
39:27 Plate Barding Armor
40:44 Scale Mail Armor
40:55 Paladin
44:52 Two-Man Saw
GERIGON
12:44 Feudal Age
12:37 Loom
16:51 Castle Age
14:52 Fletching
15:47 Gold Mining
15:49 Stone Mining
22:59 Gold Mining
26:29 Wheelbarrow
25:44 Double-Bit Axe
26:15 Bodkin Arrow
30:52 Bow Saw
37:09 Ballistics
36:52 Padded Archer Armor
37:23 Bloodlines
37:13 Husbandry
39:32 Leather Archer Armor
39:20 Husbandry
39:16 Horse Collar
40:34 Thumb Ring
43:43 Hand Cart
44:05 Gold Shaft Mining
ibrahim_arig
7:36 Loom
9:07 Loom
9:46 Loom
13:26 Feudal Age
14:15 Double-Bit Axe
15:34 Wheelbarrow
16:18 Horse Collar
17:10 Fletching
17:21 Padded Archer Armor
22:55 Castle Age
21:21 Gold Mining
22:31 Scale Barding Armor
22:36 Forging
24:03 Bloodlines
24:24 Chain Barding Armor
24:31 Bow Saw
28:54 Iron Casting
30:05 Hand Cart
32:43 Gold Shaft Mining
32:00 Stone Mining
32:40 Capped Ram
34:40 Town Watch
35:44 Heavy Plow
38:36 Imperial Age
38:54 Cavalier
40:23 Plate Barding Armor
40:58 Two-Man Saw
40:31 Crop Rotation
42:12 Paladin
44:13 Blast Furnace
44:02 Steppe Husbandry
Connection lost

Rejoining the realm…

Still unreachable

The connection could not be restored.

Session expired

The server has moved on; the page needs a fresh start.